 Dungeon Crawl Stone Soup version 0.21.0 (webtiles) character file.

123 Arma the Skirmisher (level 4, -1/41 HPs)
             Began as a Minotaur Abyssal Knight on Apr 1, 2018.
             Was an Initiate of Wu Jian.
             Slain by a small abomination (13 damage)
             ... created by the touch of Lugonu
             ... on level 2 of the Dungeon.
             The game lasted 00:09:32 (1763 turns).

Arma the Skirmisher (Minotaur Abyssal Knight)       Turns: 1763, Time: 00:09:33

Health: -1/41      AC:  9    Str: 17    XL:     4   Next: 80%
Magic:  4/4        EV: 10    Int:  9    God:    Wu Jian [......]
Gold:   100        SH:  0    Dex: 10    Spells: 3/3 levels left

rFire    . . .     SeeInvis .   a - +1 hand axe
rCold    . . .     Gourm    .   (no shield)
rNeg     . . .     Faith    .   h - +0 scale mail
rPois    .         Spirit   .   (helmet restricted)
rElec    .         Reflect  .   (no cloak)
rCorr    .         Harm     .   (no gloves)
MR       .....                  (no boots)
Stlth    ..........             (no amulet)
HPRegen  0.13/turn              g - +3 ring of protection
MPRegen  0.09/turn              (no ring)

@: no status effects
A: retaliatory headbutt, horns 2
a: Renounce Religion


You were on level 2 of the Dungeon.
You worshipped Wu Jian.
Wu Jian was noncommittal.
You were not hungry.

You visited 1 branch of the dungeon, and saw 2 of its levels.
You visited the Abyss 1 time.

You collected 100 gold pieces.

Inventory:

Hand Weapons
 a - a +1 hand axe (weapon)
Armour
 b - a +0 leather armour
 h - a +0 scale mail (worn)
Jewellery
 g - a +3 ring of protection (left hand)
Scrolls
 d - 2 scrolls of enchant weapon {unknown}
 j - a scroll of identify {unknown}
 k - a scroll of amnesia {unknown}
 l - a scroll of magic mapping {unknown}
Potions
 e - 2 potions of might {unknown}
 f - a potion of flight {unknown}
 i - 2 potions of brilliance {unknown}
Comestibles
 c - 4 rations


   Skills:
 * Level 4.7 Fighting
 * Level 4.3 Axes
 + Level 3.2 Armour
 + Level 1.6 Dodging
 + Level 0.1 Stealth
   Level 2.0 Invocations


You had 3 spell levels left.
You didn't know any spells.

Dungeon Overview and Level Annotations

Branches:
Dungeon (2/15)

Altars:
Nemelex Xobeh
Sif Muna
Wu Jian


Innate Abilities, Weirdness & Mutations

You reflexively headbutt those who attack you in melee.
You have a pair of horns on your head.


Message History

You see here a club.
l - a scroll labeled RESEPO WESHYR Done exploring.
Done exploring.
Lugonu's wrath finds you! Space warps crazily around you!
Your surroundings suddenly seem different.
You are confused.
Lugonu sends minions to punish you.
A small abomination comes into view.
You are too confused!
The small abomination hits you.
You feel less confused.
The small abomination hits you but does no damage.
You see here a club.
There is a stone staircase leading up here.
The small abomination hits you!
* * * LOW HITPOINT WARNING * * *
The small abomination hits you!
You die...

#...#####.......####.# #.(####
#.........#.......##.######....##
###......###.....................
#.....#####.....####.######..##
###..###.#'#..######...........
#.###._.###........#......###
#####..###.#'#)..#####.#.........
........#####..#x#####.#.....#.##
.........###...#@#.....#######..#
..........#..#.###.####...# ##.#
...................# #...# #.#
..#####.......#.#######...# #..
..# #....##.#.####......# ##. ..#
#....##.....##.##...# #. ..#
#...)####..........##### #. ..#
#....#........#.#......# ## ..#
#....#..........#......# #


You could see a small abomination.

Vanquished Creatures
  3 gnolls (D:2)
  4 adders (D:2)
  An ooze (D:2)
  A dart slug (D:1)
  2 ball pythons (D:2)
  9 bats
  A giant cockroach (D:1)
  7 hobgoblins
  3 frilled lizards (D:1)
  10 goblins
  9 kobolds
  2 rats (D:2)
52 creatures vanquished.

Notes
Turn   | Place    | Note
-------+----------+-------------------------------------------
     0 | Abyss:1  | Arma the Minotaur Abyssal Knight began the quest for the Orb.
     0 | Abyss:1  | Reached XP level 1. HP: 19/19 MP: 1/1
    38 | D:1      | Escaped the Abyss
   325 | D:1      | Reached XP level 2. HP: 14/27 MP: 2/2
   784 | D:1      | Reached ** piety under Lugonu
   786 | D:1      | Reached XP level 3. HP: 32/34 MP: 3/3
  1325 | D:2      | Found a sparkling altar of Nemelex Xobeh.
  1330 | D:2      | Fell from the grace of Lugonu
  1330 | D:2      | Became a worshipper of Nemelex Xobeh the Trickster
  1376 | D:2      | Reached XP level 4. HP: 34/41 MP: 4/4
  1401 | D:2      | Received a gift from Nemelex Xobeh
  1512 | D:2      | Found an ornate altar of the Wu Jian Council.
  1512 | D:2      | Found a deep blue altar of Sif Muna.
  1537 | D:2      | Fell from the grace of Nemelex Xobeh
  1537 | D:2      | Became a worshipper of the Wu Jian Council
  1740 | D:2      | Noticed a small abomination
  1763 | D:2      | Slain by a small abomination

Skill      XL: |  1  2  3  4 |
---------------+-------------+-----
Axes           | 3 4 |  4.3
Invocations    | 2 |  2.0
Fighting       | 4 |  4.7
Armour         | 3 |  3.2
Dodging        | |  1.6
Stealth        | |  0.1

Action                   |  1- 3 |  4- 6 || total
-------------------------+-------+-------++-------
Melee: Hand axe          |   103 |    33 ||   136
       Headbutt          |     6 |     6 ||    12
  Eat: Ration            |     1 |       ||     1
Armor: Leather armour    |    17 |       ||    17
       Scale mail        |    26 |    21 ||    47
Dodge: Dodged            |    75 |    18 ||    93
